[Event "24th Hoogeschool Zeeland 2022"]
[Site "Vlissingen"]
[Date "2022.08.13"]
[Round "9.7"]
[White "Dhulipalla Bala Chandra Prasad"]
[Black "Royal, Shreyas"]
[Result "1/2-1/2"]
[ECO "E16"]
[WhiteElo "2423"]
[BlackElo "2353"]
[Annotator "TA"]
[PlyCount "41"]
[EventDate "2022.08.05"]
[EventType "swiss"]
[EventCountry "NED"]
[SourceTitle "playchess.com"]
[Source "ChessBase"]
[SourceQuality "1"]
[TimeControl "40/5400+30:1800+30"]

1. d4 Nf6 2. c4 e6 3. g3 d5 4. Bg2 Bb4+ 5. Nd2 O-O 6. Ngf3 b6 7. O-O Bb7 8. a3 Be7 9. cxd5 $1 {[%emt 0:00:09] The main line 9.cxd5 scores better than 9.b4.} exd5 10. b4 {[%emt 0:00:04] E16: Queen's Indian: 4 g3 Bb7 5 Bg2 Bb4+.} Nbd7 11. Ne5 c5 12. bxc5 bxc5 13. Rb1 Rb8 14. Qa4 cxd4 15. Nxd7 Qxd7 16. Qxa7 {[%emt 0:01:49] [#]} Qc6 $146 ({Predecessor:} 16... Rfc8 17. Qxd4 Ba6 18. Rxb8 Rxb8 19. Nf3 Ne4 20. Ne5 Qb7 21. Bf3 Bf6 22. Rd1 Qb3 23. Qxd5 {½-½ (30) Ingersol,H (2417)-Isolfsson,E (2420) ICCF email 2014}) 17. Qxd4 Ba6 18. Rxb8 {[%emt 0:18:55] The position is equal.} Rxb8 19. Qa7 Re8 {[%emt 0:00:54] [#] White must now prevent ...Bc5.} 20. Nb3 {[%emt 0:04:27] Prevents Bc5.} Bxe2 21. Re1 {[%emt 0:02:43] Weighted Error Value: White=0.04 (flawless) /Black=0.04 (flawless)} (21. Nd4 $5 Qc5 22. Qxc5 Bxc5 23. Nxe2 Rxe2 24. Bg5 $11) 1/2-1/2

[Event "24th Hoogeschool Zeeland 2022"]
[Site "Vlissingen"]
[Date "2022.08.13"]
[Round "9.8"]
[White "Pham, Khoi"]
[Black "Saketh, Pedagandham"]
[Result "1-0"]
[ECO "C84"]
[WhiteElo "2317"]
[BlackElo "1928"]
[Annotator "TA"]
[PlyCount "95"]
[EventDate "2022.08.05"]
[EventType "swiss"]
[EventCountry "NED"]
[SourceTitle "playchess.com"]
[Source "ChessBase"]
[SourceQuality "1"]
[TimeControl "40/5400+30:1800+30"]

1. e4 e5 2. Nf3 Nc6 3. Bb5 a6 4. Ba4 Nf6 5. O-O Be7 6. d3 b5 7. Bb3 d6 8. c3 Na5 {[%emt 0:00:37] C84: Closed Ruy Lopez: Unusual White 6th moves.} 9. Bc2 c5 10. d4 cxd4 {[%emt 0:01:48] The position is equal.} 11. cxd4 O-O {[%emt 0:00:08] [#]} 12. b3 $146 (12. Nc3 $11) ({Predecessor:} 12. h3 Re8 13. d5 Bd7 14. Nc3 Qb8 15. Bd3 Rc8 16. Ne2 Nb7 17. g4 Nc5 18. Ng3 Nxd3 19. Qxd3 {0-1 (40) Carlsen,M (2882)-Ding,L (2805) Saint Louis 2019}) 12... Nc6 13. Nc3 Bg4 {[%emt 0:05:17] And now ...Nxd4 would win.} 14. Ne2 Bxf3 (14... exd4 {with more complications.} 15. Nexd4 Nxd4 16. Qxd4 Bxf3 17. gxf3 Rc8) 15. gxf3 Nxd4 16. Nxd4 exd4 17. Qxd4 Rc8 18. Qd1 Qd7 (18... Qc7 $1 $17 19. Bd3 d5) 19. Bd3 Nh5 (19... Qh3 $17 {Strongly threatening ...Nh5.} 20. Kh1 Nh5) 20. f4 $11 Qh3 21. Be2 $1 Nf6 22. Bf3 h5 23. Bg2 Qh4 24. h3 Rc3 {[%emt 0:04:07] [#]} (24... Rfd8 $11) 25. Be3 $1 $16 Rfc8 26. Re1 (26. Qd2 $16) 26... Rc2 27. Rc1 Rxc1 28. Bxc1 Nh7 29. Qd4 (29. Rf1 $16) 29... Rc2 30. a4 Bf6 31. Qb6 Bc3 32. Rd1 {[%emt 0:00:00] Hoping for Be3.} Bb4 {[%emt 0:00:31] aiming for ...Bc5.} 33. Be3 ({Not} 33. axb5 $2 Bc5 34. Qxc5 dxc5 $19) 33... Bc5 34. Bxc5 dxc5 35. Qd8+ Qxd8 36. Rxd8+ $14 {[%emt 0:00:05][%mdl 4096] Endgame KRB-KRN} Nf8 37. axb5 axb5 38. Rb8 b4 (38... Rc1+ $11 39. Bf1 Re1) 39. Bf1 $16 g5 $2 {[%emt 0:01:07] [#] This move loses the game for Black.} (39... Rc1 $16 {was called for.}) 40. f5 $1 $18 ({Don't take} 40. fxg5 $6 Kg7 $16) 40... Kg7 (40... Rc1 {was necessary.} 41. Kg2 Re1) 41. f6+ Kg8 $2 (41... Kxf6 42. Rxf8 Ke5 43. Rxf7 Kxe4 44. Re7+ Kf3) 42. Bc4 Rd2 43. e5 Rd1+ 44. Kg2 {[%emt 0:00:00] White wants to mate with e6.} Re1 45. Re8 Re4 46. f3 Rf4 47. e6 Rxc4 48. e7 {[%emt 0:00:00][%mdl 64] Pin.  Weighted Error Value: White=0.18 (very precise) /Black=0.46} 1-0

[Event "24th Hoogeschool Zeeland 2022"]
[Site "Vlissingen"]
[Date "2022.08.13"]
[Round "9.9"]
[White "Van Delft, Merijn"]
[Black "Lohr, Maximilian"]
[Result "1/2-1/2"]
[ECO "C42"]
[WhiteElo "2383"]
[BlackElo "2092"]
[Annotator "TA"]
[PlyCount "103"]
[EventDate "2022.08.05"]
[EventType "swiss"]
[EventCountry "NED"]
[SourceTitle "playchess.com"]
[Source "ChessBase"]
[SourceQuality "1"]
[TimeControl "40/5400+30:1800+30"]

1. e4 e5 2. Nf3 Nf6 3. Nxe5 Nxe4 4. Qe2 Qe7 5. Qxe4 d6 6. d4 dxe5 7. dxe5 Nc6 {[%emt 0:00:07] C42: Petroff Defence: 3 Nxe5 and unusual White 3rd moves.} 8. Nc3 $1 {[%emt 0:00:00][%mdl 4] aiming for Nd5. outshines the older 8.Bb5.} Qxe5 9. Qxe5+ Nxe5 {[%emt 0:00:07] White is slightly better.} 10. Nb5 Bb4+ 11. Bd2 Bxd2+ 12. Kxd2 Kd8 13. Re1 f6 14. f4 Ng6 15. g3 Bd7 16. Bc4 c6 17. Nd4 Kc7 {[%emt 0:00:18] [#]} 18. Ne6+ $146 ({Predecessor:} 18. h4 b5 19. Bd3 Rhe8 20. Bf5 Nf8 21. h5 Rxe1 22. Rxe1 Re8 23. Bxd7 Rxe1 24. Kxe1 Kxd7 {½-½ (36) Isha,S (2236)-Stefansson,V (2461) Piestany 2022}) 18... Bxe6 19. Rxe6 Rhe8 20. Rhe1 (20. Ree1 {seems wilder.} Re7 21. a3 Rae8 22. Rxe7+ Rxe7 23. b4) 20... Rxe6 21. Rxe6 $11 {[%emt 0:00:00][%mdl 4096] Endgame KRB-KRN} Kd7 22. Re3 Re8 23. Ra3 a6 24. Bd3 Ne7 25. Ra5 h6 26. Ra4 Nd5 27. Rd4 {[%emt 0:00:00] Black must now prevent c4.} Kc7 28. c4 Nb4 29. Bg6 Re7 30. c5 Nd5 (30... Nxa2 $2 31. Bb1 $18) 31. Be4 Rd7 32. a3 Ne7 33. Kd3 Rxd4+ 34. Kxd4 {[%emt 0:00:00] KB-KN} Kd7 35. Bf3 Kc7 36. Bg4 Kd8 37. Be6 Kc7 38. Ke4 Kd8 39. Bf7 Kd7 40. h4 Nc8 ({Black should play} 40... a5 $14) 41. g4 Ke7 42. Bc4 Kd7 (42... b5 $16 {was necessary.}) 43. g5 $18 Ne7 44. gxh6 gxh6 45. Bf7 Kc7 46. Be6 Kd8 (46... b5 $142 47. Kf3 Ng6) 47. f5 Ke8 (47... a5 {was worth a try.} 48. Bf7 b6) 48. Kd4 Kd8 {[%emt 0:00:27] [#]} 49. Kc4 (49. Ke3 $1 $18) 49... Kc7 (49... Nc8 $16) 50. Kd4 Kd8 $1 {[%emt 0:00:06] [#]} 51. Kc4 (51. Ke3 $1 $18) 51... Kc7 $16 52. Kd4 {[%emt 0:00:04] Weighted Error Value: White=0.20 (precise) /Black=0.12 (very precise)} ({White should try} 52. b4 $16) 1/2-1/2

[Event "24th Hoogeschool Zeeland 2022"]
[Site "Vlissingen"]
[Date "2022.08.13"]
[Round "9.10"]
[White "Van den Doel, Erik"]
[Black "Van der Kaap, Jos"]
[Result "1/2-1/2"]
[ECO "B01"]
[WhiteElo "2589"]
[BlackElo "2187"]
[Annotator "TA"]
[PlyCount "262"]
[EventDate "2022.08.05"]
[EventType "swiss"]
[EventCountry "NED"]
[SourceTitle "playchess.com"]
[Source "ChessBase"]
[SourceQuality "1"]
[TimeControl "40/5400+30:1800+30"]

1. e4 d5 2. exd5 Qxd5 3. Nc3 Qa5 4. d4 Nf6 5. Nf3 Bf5 6. Bd2 e6 7. Be2 Nbd7 8. O-O c6 9. Nh4 Bg6 10. Bf3 Qc7 11. g3 Bd6 12. a4 a5 13. Re1 O-O 14. Nxg6 hxg6 15. Bg2 Nb6 16. Ne2 Rfd8 17. c3 Rd7 18. Qb3 Nbd5 19. Nc1 c5 20. dxc5 Bxc5 21. Nd3 Bd6 22. Rad1 Rc8 23. Qb5 Qc4 24. Qxc4 Rxc4 25. Ra1 (25. b3 $5 Rcc7 26. c4 $14) 25... Rcc7 26. Bf1 Rd8 27. Kg2 Kf8 28. Nc1 Nb6 29. Nb3 Ra8 30. h4 Nfd5 31. Nd4 Bc5 32. Nf3 Bd6 33. Bb5 Nc4 34. Bc1 Ncb6 35. Ng5 Be7 36. Ne4 Nc4 37. Rh1 Nd6 (37... Rd8 $14 {is more appropriate.}) 38. Nxd6 $16 Bxd6 39. h5 gxh5 40. Rxh5 Ke7 41. Rh7 Rg8 42. Bg5+ Nf6 43. Rh4 Rcc8 44. Rah1 (44. Rd1 {feels hotter.} Rh8 45. Rhd4 Rhd8 46. f4) 44... Be5 45. Kf3 Rgd8 46. Ke2 Rd5 47. Be3 Rdd8 48. Bg5 Rd5 49. Bc1 Rdd8 50. Bd2 Nd5 51. Bd3 Nf6 52. Bc2 Nd5 53. Be4 Rc4 54. Bg2 Rc7 55. Bf3 g6 56. Bg2 Bf6 (56... Nb6 {looks sharper.} 57. Be3 Nc4 58. Bc1 Bf6) 57. Re4 Rcd7 (57... Nb6 {is interesting.} 58. Bf4 Rcc8 59. Rd1 Nc4) 58. Ra1 {[%emt 0:00:27] [#]} (58. Rd1 {seems wilder.} Nb6 59. Bf3 Rd6 60. Rg4) 58... Rc8 (58... Nb4 $1 $11 59. Be3 Nc2 60. Bc5+ Ke8) 59. Ra3 Rd6 (59... Nb6 $1 $11) 60. Rb3 $14 Rb6 61. Rb5 Rxb5 62. axb5 Rc5 (62... Kd6 $14) 63. Kd1 (63. c4 $16 Nb4 64. Be3) 63... Rc7 (63... Nb6 $11) 64. Bf1 ({White should play} 64. Kc2 $16) 64... Rc8 65. Ra4 b6 66. Ke2 Be5 67. Re4 Bf6 68. Bg2 Rd8 69. Rc4 Rd6 70. Rc8 Rd8 71. Rc6 Rd6 $1 72. Rc4 Kd7 73. Be1 Be5 74. Rh4 Ke7 75. Be4 Rd8 76. Bd2 Nc7 77. Bc6 Nd5 78. Re4 Bf6 79. Rc4 Be5 80. Be1 Bd6 81. Rh4 (81. Bxd5 $16 exd5 82. Rc6) 81... Be5 (81... Bc5 $11 {is superior.}) 82. f4 Bc7 83. Bf2 Rb8 84. Bd4 Bd6 85. Kd3 Nf6 86. Rh1 Nd7 87. Ke4 ({White should try} 87. Bxd7 $14 Kxd7 88. Ke4) 87... Nc5+ $11 88. Kf3 Nb3 (88... Nd3 $11) 89. Bg7 Rg8 90. Rh7 Nc5 (90... a4 $11) 91. c4 (91. Bh6 $1 $16) 91... Nd3 (91... Nb3 $1 $11) 92. Ke2 (92. Be4 $1 $14 Nc5 93. Bxg6 $1 Rxg7 94. Rxg7) 92... Nb4 (92... Rxg7 $1 $11 93. Rxg7 Nxb2) 93. Be4 Bc5 (93... Rc8 $16) 94. b3 Rd8 (94... Na2 $142) 95. Bh6 $18 Rg8 96. Bg5+ Ke8 97. Bc6+ Kf8 98. Bf6 Be7 (98... Nc2 $16 {keeps fighting.}) 99. Bd4 Bd8 $2 (99... Bc5 {is a better defense.}) 100. Be4 $18 Ke8 101. c5 (101. g4 $18 {has better winning chances.}) 101... bxc5 $16 102. Bxc5 Nd5 $2 (102... Be7 $16 {is more resistant.} 103. Ba7 Bd6) 103. Bxd5 $18 exd5 104. b6 Kd7 (104... g5 $142 105. f5 g4) 105. Rxf7+ $18 Kc6 106. Bd4 (106. b7 Bc7 $18) 106... Re8+ 107. Kd3 Re6 108. Ra7 (108. b7 $142 Bc7 109. Be5 Rxe5 110. fxe5 Bxe5 111. Rg7 $3 ) 108... Re4 $18 {[%emt 0:01:19] [#]} 109. Bf2 $2 (109. Ra6 $1 $18 {and the rest is easy.}) 109... Rb4 $16 {[%emt 0:00:21] [#]} 110. Rg7 (110. Rxa5 Rxb3+ 111. Kc2 Bxb6 $11) (110. Kc2 $1 $16) 110... Rxb3+ $11 111. Kc2 Rb4 $2 (111... Rb2+ $1 $11 {and Black stays safe.} 112. Kxb2 Bf6+ 113. Kb3 Bxg7) 112. Rxg6+ $18 Kb7 (112... Kd7 $142 113. Kc3 Rb5) 113. f5 $2 (113. Rd6 $18 {and White stays clearly on top.} Bxb6 114. Bxb6 Rxb6 115. Rxb6+ (115. Rxd5 a4 $16) 115... Kxb6 116. f5) 113... a4 $16 114. Rd6 ({Better is} 114. Rg7+ $14 Kc6 115. Rg6+ Kd7 116. b7) 114... Bg5 $2 (114... a3 $11) 115. Rd7+ $18 ({Less strong is} 115. Rxd5 Bf6 $18) 115... Kc6 $2 (115... Kb8 116. Rxd5 a3) 116. Rc7+ $18 Kb5 117. Rc8 Ka6 118. Rg8 $2 (118. Bc5 {aiming for Ra8+.} Rb5 119. Ra8+ Kb7 120. Ra7+ Kc8 121. Ra8+ Kb7 122. Ra7+ Kc8 123. Bd4) 118... Bf6 $18 119. Ra8+ Kb7 120. Ra7+ Kb8 (120... Kc8 {was worth a try.}) 121. Be3 $18 Be5 122. f6 $2 (122. Re7 $18 Bd6 123. Rd7) 122... Bxf6 $11 123. Bf4+ Kc8 124. Rc7+ Kd8 125. b7 a3 126. Rc8+ Kd7 127. b8=Q Rxb8 128. Rxb8 a2 129. Rb7+ Kc6 130. Ra7 ({Wrong is} 130. Rc7+ $2 Kb6 131. Kd2 a1=Q $19) 130... a1=Q 131. Rxa1 Bxa1 1/2-1/2

[Event "24th Hoogeschool Zeeland 2022"]
[Site "Vlissingen"]
[Date "2022.08.13"]
[Round "9.11"]
[White "Honkoop, Gilian"]
[Black "Schoppen, Casper"]
[Result "0-1"]
[ECO "E61"]
[WhiteElo "2205"]
[BlackElo "2507"]
[Annotator "TA"]
[PlyCount "90"]
[EventDate "2022.08.05"]
[EventType "swiss"]
[EventCountry "NED"]
[SourceTitle "playchess.com"]
[Source "ChessBase"]
[SourceQuality "1"]
[TimeControl "40/5400+30:1800+30"]

1. d4 Nf6 2. Nf3 g6 3. c4 Bg7 4. Nc3 O-O 5. Bg5 d6 6. e3 c5 7. Be2 h6 8. Bh4 g5 9. Bg3 Nh5 10. Qc2 {[%emt 0:05:17] E61: King's Indian: Early deviations for White, including Smyslov System.} (10. dxc5 $11 dxc5 11. Be5) 10... Nxg3 ({Black should play} 10... g4 $1 $17 11. Nh4 cxd4 12. exd4 Nc6) 11. hxg3 $11 {[%emt 0:00:42][%cal Of3g5] aiming for Nxg5!} (11. fxg3 g4 12. Nh4 cxd4 13. exd4 Nc6 $15) 11... e6 {[%emt 0:00:17] [#]} (11... g4 $1 $11 12. Nh2 (12. Ng5 $2 f5 $19) 12... cxd4 13. exd4 f5) 12. Rd1 $146 {[%emt 0:08:04] White is slightly better.} ({Predecessor:} 12. O-O-O Qe7 13. g4 Nc6 14. a3 f5 15. gxf5 cxd4 16. Nxd4 Nxd4 17. exd4 exf5 18. Nd5 {1-0 (36) Efimov,I (2398)-Mouradian,K (2185) Beirut 2014}) 12... Qe7 13. d5 Na6 14. O-O (14. dxe6 {looks sharper.} Nb4 15. Qb1 Bxe6 16. a3) 14... Nc7 15. dxe6 Bxe6 16. Rd2 Rad8 17. Rfd1 b6 18. Qa4 Bxc3 19. bxc3 Ne8 $1 20. Qc2 Nf6 21. Nh2 Kg7 22. Nf1 Bc8 23. Bd3 Rfe8 24. Re2 d5 (24... h5 $15 {might be stronger.}) 25. cxd5 Rxd5 26. e4 Rdd8 (26... c4 $1 $11 27. Bxc4 (27. exd5 $2 cxd3 28. Rxd3 Qxe2 $19) 27... Rxd1 28. Qxd1 Qc5) 27. e5 $14 Ng4 28. Rde1 $1 Rd5 $2 {[%emt 0:03:58] [#]} (28... h5 $14) 29. Bb5 $1 $18 Red8 30. Bc4 Rxe5 31. Rxe5 (31. f3 $18) 31... Nxe5 $11 32. Qe4 {[%emt 0:00:41] [#] Inhibits Nf3+.} (32. Bxf7 $1 $11 Nf3+ 33. gxf3 Qxf7 34. Re3) 32... Re8 $1 $17 ({Don't play} 32... f6 33. f4 $16) 33. Bb5 Bb7 34. Qa4 ({White should try} 34. Qe2 Bc6 35. Bxc6 Nxc6 36. Ne3) 34... Rd8 {[%emt 0:00:00][%cal Oe5f3] White must now prevent ...Nf3+!} 35. Ne3 ({Better is} 35. Qxa7 Ra8 36. Ne3 Rxa7 37. Nf5+ Kf8 38. Nxe7 Kxe7 39. Rxe5+ Kd6 40. Re3) 35... Qf6 {[%emt 0:00:00][%cal Oe5f3] Hoping for ...Nf3+!} 36. Be2 {[%emt 0:03:48] Inhibits Nf3+.} (36. Rd1 $17) 36... a6 (36... Rd2 $19 {has better winning chances. Strongly threatening ...Nd3.} 37. g4 Bc8) 37. Qc2 {[%emt 0:00:53] Prevents Nd3.} Bc8 {[%emt 0:00:35] Black is more active.} 38. g4 Qf4 39. g3 (39. Rd1 $17 Rxd1+ 40. Qxd1) 39... Nf3+ $19 40. Kf1 $2 {[%emt 0:00:30] [#]} (40. Bxf3 Qxf3 41. Qe2 Qxe2 42. Rxe2) 40... Nxe1 $1 41. Kxe1 Qe5 42. a4 Be6 43. Kf1 a5 44. Bf3 Qd6 45. Qe4 Qd3+ {[%emt 0:00:10] What a bad dream for White.  Weighted Error Value: White=0.40/Black=0.24 (precise)} 0-1

[Event "24th Hoogeschool Zeeland 2022"]
[Site "Vlissingen"]
[Date "2022.08.13"]
[Round "9.12"]
[White "Duchene, Rene"]
[Black "Sorbe, Stephane"]
[Result "0-1"]
[ECO "A11"]
[WhiteElo "2137"]
[BlackElo "2352"]
[Annotator "TA"]
[PlyCount "114"]
[EventDate "2022.08.05"]
[EventType "swiss"]
[EventCountry "NED"]
[SourceTitle "playchess.com"]
[Source "ChessBase"]
[SourceQuality "1"]
[TimeControl "40/5400+30:1800+30"]

1. Nf3 d5 2. c4 c6 3. e3 Nf6 4. Nc3 Bg4 5. Qb3 Qb6 6. Ne5 {[%emt 0:00:49] A11: English Opening: 1...c6.} Be6 7. d4 g6 8. Be2 {[%emt 0:07:49] White has an edge.} Bg7 9. O-O O-O 10. Bd2 {[%emt 0:11:34] [#]} Rd8 $146 ({Predecessor:} 10... Nbd7 11. f4 dxc4 12. Bxc4 Bxc4 13. Nxc4 Qxb3 14. axb3 Rfd8 15. b4 a6 16. h3 e6 {1-0 (41) Iturrizaga Bonelli,E (2597)-Deviatkin,A (2436) Moscow 2019}) 11. Rfc1 Nbd7 12. cxd5 Nxd5 13. Nxd7 Nxc3 14. bxc3 Qc7 15. Bc4 Bxc4 16. Qxc4 {[%emt 0:00:06] And now Nc5 would win.} Rxd7 17. Rab1 e5 18. Rd1 Rad8 19. Be1 Qa5 20. Qe2 h5 21. h3 Qa3 22. Rb3 Qe7 23. Qc4 Rc7 ({Black should try} 23... c5 $15) 24. a4 Rdd7 (24... c5 $5 ) 25. Rdb1 Qd8 26. Rd1 Qg5 27. Rbb1 Qf5 28. Qe2 a6 29. a5 Rc8 30. Rb3 Re8 31. Qb2 Ree7 32. Rb1 exd4 33. cxd4 c5 34. Bc3 cxd4 {[%emt 0:00:18] Black is more active.} 35. Bxd4 ({Only move:} 35. exd4 $15 Rc7 36. Rd1) 35... Bxd4 $19 36. exd4 Qxa5 37. Rb6 Re1+ 38. Rxe1 Qxe1+ {[%emt 0:00:04][%mdl 4096] Endgame KQR-KQR} 39. Kh2 Qe4 40. g3 (40. Qb3 $142) 40... h4 (40... Rxd4 41. Rxb7 Rd8 42. Rb4 $17) 41. gxh4 Qf4+ ({Don't go for} 41... Rxd4 $2 42. Rxb7 Qxh4 43. Rb3 $19) (41... Qxd4 42. Qxd4 Rxd4 43. Rxb7 $17) 42. Kg2 Qxh4 ({Not} 42... Rxd4 43. Qc3) 43. Qb3 Qe4+ ({And not} 43... Rxd4 44. Rxg6+ Kf8 45. Qa3+ Ke8 46. Rb6 $15) 44. Qf3 Qxd4 45. Rxb7 Rxb7 46. Qxb7 {[%emt 0:00:00] KQ-KQ} Qc4 {[%emt 0:00:00] ...Qb5 is the strong threat.} 47. Qb8+ {[%emt 0:00:00] [#]} (47. h4 $17) 47... Kh7 $1 48. Qe5 {[%emt 0:00:00] [#]} Qb5 $1 49. Qf6 Qd5+ 50. Kh2 a5 51. Qf4 Kg7 {[%emt 0:00:00] White must now prevent ...Qf5.} 52. h4 Qc5 53. Kg3 Qc3+ 54. Kh2 (54. f3 $142) 54... Qf6 55. Qg3 a4 56. Kh3 $2 (56. h5) 56... Qf5+ 57. Kh2 Qc5 {[%emt 0:00:21] Weighted Error Value: White=0.36/Black=0.09 (flawless)} 0-1

[Event "24th Hoogeschool Zeeland 2022"]
[Site "Vlissingen"]
[Date "2022.08.13"]
[Round "9.13"]
[White "Grochal, Joey"]
[Black "Krause, Thomas"]
[Result "1/2-1/2"]
[ECO "E91"]
[WhiteElo "2290"]
[BlackElo "2137"]
[Annotator "TA"]
[PlyCount "63"]
[EventDate "2022.08.05"]
[EventType "swiss"]
[EventCountry "NED"]
[SourceTitle "playchess.com"]
[Source "ChessBase"]
[SourceQuality "1"]
[TimeControl "40/5400+30:1800+30"]

1. d4 g6 2. c4 Bg7 3. Nf3 d6 4. e4 Nf6 5. Nc3 O-O 6. Be2 Nbd7 7. Bg5 h6 8. Bh4 c5 9. d5 g5 {[%emt 0:01:25] E91: King's Indian: Classical: 6 Be2, unusual replies including 6...c5 and 6...Bg4.} 10. Bg3 Nh5 11. O-O Nxg3 12. hxg3 a6 13. Ne1 {[%emt 0:03:13][%cal Bf3e1,Be1c2,Bc2e3,Be3f5,Bf5h6,Bh6g4][%mdl 32] [#]} b5 $146 (13... Qa5 $11) ({Predecessor:} 13... Qa5 14. Qc2 Rb8 15. a4 Ne5 16. f4 Ng4 17. Bxg4 Bxg4 18. Nd3 Bd4+ 19. Kh1 f6 {½-½ (41) Bondar,P (1986)-Gawronek,J (1974) Poland 2008}) 14. cxb5 $14 Qa5 15. Qc1 (15. a4 $14 {stays ahead.}) 15... axb5 $17 16. Nxb5 Ba6 (16... Nb6 $17 17. Nf3 Na4) 17. a4 $11 Qb4 18. Nc2 Qxb2 19. Qxb2 Bxb2 20. Rab1 Bg7 21. Rfe1 (21. Ne3 $11 {remains equal.}) 21... Bc8 $17 22. Ne3 Rxa4 23. Nf5 {[%emt 0:00:31] [#]} Bf6 ({Don't play} 23... Rxe4 $6 24. Bf3 Rxe1+ 25. Rxe1 $11) 24. Nxh6+ Kh7 25. Ng4 Bg7 26. Bd1 Rb4 (26... Ra5 $17 {Threatens to win with ...Ba6.} 27. Bc2 Ne5) 27. Bc2 $11 {[%emt 0:01:47] The position is equal.} Ne5 28. Rxb4 cxb4 29. Nxe5 Bxe5 30. Rb1 Bd7 31. Rxb4 Rc8 32. Bd3 {[%emt 0:03:42] Weighted Error Value: White=0.26 (precise) /Black=0.21 (precise)} 1/2-1/2

[Event "24th Hoogeschool Zeeland 2022"]
[Site "Vlissingen"]
[Date "2022.08.13"]
[Round "9.14"]
[White "Zevenhuizen, Daniel"]
[Black "Ollenberger, Roland"]
[Result "1-0"]
[ECO "A04"]
[WhiteElo "2168"]
[BlackElo "2264"]
[Annotator "TA"]
[PlyCount "153"]
[EventDate "2022.08.05"]
[EventType "swiss"]
[EventCountry "NED"]
[SourceTitle "playchess.com"]
[Source "ChessBase"]
[SourceQuality "1"]
[TimeControl "40/5400+30:1800+30"]

1. e4 c5 2. Nf3 d6 3. g3 Nc6 4. Bg2 g6 5. O-O Bg7 6. d3 Bd7 7. a4 {[%emt 0:01:53] A04: Unusual lines after 1 Nf3 and King's Indian Attack.} a6 8. c3 Nf6 {[%emt 0:09:23] [#]} 9. Nbd2 $146 {[%emt 0:03:56] The position is equal.} ({Predecessor:} 9. Be3 Qc7 10. Nbd2 O-O 11. Rc1 b5 12. axb5 axb5 13. Ra1 Ng4 14. Re1 Nxe3 15. Rxe3 {½-½ (38) Hoeber,M-Heun,A freechess.de 2021}) 9... O-O 10. Nc4 Qc7 11. a5 Rad8 12. Re1 e5 13. Bg5 Be6 14. Qa4 h6 15. Bxf6 Bxf6 16. Nb6 Bg7 17. Rac1 Ne7 18. d4 Bg4 (18... Nc8 $5 ) 19. Nd2 Qc6 (19... exd4 $11 20. cxd4 Bxd4) 20. Qxc6 Nxc6 21. h3 {[%emt 0:00:02] Threatens to win with d5.} Bc8 22. dxc5 {[%emt 0:00:09] White is more active.} Nxa5 23. b4 (23. Nxc8 $14 Rxc8 24. Ra1 (24. cxd6 Rfd8 $11)) 23... Nc6 (23... dxc5 $11 24. Nxc8 Nc6) 24. cxd6 $14 Rxd6 25. Ndc4 Rdd8 26. Rcd1 Be6 27. Bf1 Bf6 28. Nd5 {[%emt 0:03:35] Pair of Knights!} Kg7 29. Ncb6 Ne7 30. c4 Nc6 31. Rb1 Nd4 32. Kg2 {[%emt 0:00:14] Inhibits Nf3.} h5 33. h4 g5 34. hxg5 Bxg5 35. f4 Bh6 36. f5 Bxd5 37. Nxd5 Bg5 {[%emt 0:01:28] Inhibits f6+.} 38. Bd3 Rh8 39. Rh1 Rh6 40. Rbf1 Rdh8 41. Rh3 h4 42. gxh4 Rxh4 43. Rxh4 Rxh4 44. Kg3 Rh6 45. b5 Bh4+ 46. Kg4 a5 47. c5 a4 (47... Bd8 $11) 48. Rh1 $1 $16 a3 49. Bc4 ({Don't go for} 49. Rxh4 $2 Rxh4+ 50. Kxh4 a2 51. f6+ Kg6 $19) 49... Bf2 (49... Bg5 $16 50. f6+ Kh7) 50. Rxh6 $1 $18 Kxh6 {[%emt 0:00:04] [#]} 51. Nb4 $1 Nxb5 52. Bxb5 {[%emt 0:00:02] And now Bc4 would win.} Bxc5 {[%emt 0:00:09][%mdl 4096] Endgame} 53. Nc2 f6 54. Bc4 Kg7 55. Ne1 Kh6 56. Kf3 $2 (56. Bd5 $18) 56... Kg5 {[%emt 0:00:23] [#]} (56... b5 $14 57. Bd5 (57. Bxb5 a2 $11) 57... Kg5) 57. Ke2 (57. Nc2 $1 $16) 57... Kf4 58. Bd5 {[%emt 0:00:02] Nd3+ would kill now.} Be7 ({Black should try} 58... Kg4 $14 59. Kd3 b5) 59. Nd3+ (59. Bxb7 $18 a2 60. Nc2) 59... Kg3 $14 60. Nc1 b6 (60... b5 $1 $14 61. Nb3 Kf4) 61. Kd3 $2 (61. Bc6 $18) 61... Kf3 $2 (61... b5 $1 $14 62. Ne2+ Kf3) 62. Na2 $2 (62. Bc6 $18) 62... Bc5 $2 (62... b5 $14 63. Nc3 b4) 63. Bb3 $18 Bd4 64. Nb4 Kg4 65. Nd5 Kg5 66. Kc4 Bc5 67. Kb5 Bf2 68. Ka4 Bc5 69. Ba2 Bf8 70. Bb1 Bc5 71. Ba2 Bf8 $1 72. Kb5 Bc5 73. Kc6 Bf2 74. Kd6 Bd4 75. Ke6 Bc5 76. Nxf6 Kf4 77. Kd5 {[%emt 0:00:15] Weighted Error Value: White=0.15 (very precise) /Black=0.28 (precise)} (77. Nd7 $142 Bb4 78. Bd5) 1-0